 Dungeon Crawl Stone Soup version 0.29.1-12-g30fa7ad0bf (webtiles) character file.

Game seed: 5811499049177205688

979 growler the Magician (level 7, 0/44 (46) HPs)
             Began as a Demonspawn Hedge Wizard on Dec 30, 2022.
             Was an Initiate of Gozag.
             Slain by a wight
             ... wielding a +3 halberd of freezing
              (3 damage)
             ... on level 6 of the Dungeon.
             The game lasted 00:19:03 (7184 turns).

growler the Magician (Demonspawn Hedge Wizard)      Turns: 7184, Time: 00:19:06

HP:   0/44 (46)     AC:  3    Str: 11    XL:     7   Next: 96%
MP:   16/17         EV: 12    Int: 17    God:    Gozag
Gold: 296           SH:  0    Dex: 14    Spells: 12/20 levels left

rFire   . . .      SeeInvis .   i - +2 dagger (flame)
rCold   . . .      Faith    .   (no shield)
rNeg    . . .      Spirit   .   b - +0 robe
rPois   .          Reflect  .   c - +0 hat
rElec   .          Harm     .   j - +0 cloak
rCorr   .          Rampage  .   (no gloves)
Will    .....                   (no boots)
Stlth   +++.......              (no amulet)
HPRegen 0.14/turn               (no ring)
MPRegen 0.15/turn               (no ring)

@: gold aura, lightly drained
A: horns 1, thin skeletal structure 1, demonic magic 1
a: Renounce Religion, Potion Petition, Call Merchant, Bribe Branch


You were on level 6 of the Dungeon.
You worshipped Gozag.
Gozag was aware of your devotion.
You visited 2 branches of the dungeon, and saw 7 of its levels.

You collected 409 gold pieces.
You paid 113 gold pieces to Gozag.

Inventory:

Hand Weapons
 i - a +2 dagger of flaming (weapon)
 p - a +0 dagger of speed
Missiles
 E - 4 silver javelins
Armour
 b - a +0 robe (worn)
 c - a +0 hat (worn)
 j - a +0 cloak (worn)
 l - a +0 buckler
Jewellery
 e - an amulet of guardian spirit
 w - an amulet of magic regeneration
 D - a ring of positive energy
 G - a +6 ring of intelligence
Wands
 F - a wand of mindburst (7)
Scrolls
 g - 2 scrolls of identify
 m - 4 scrolls of teleportation
 n - a scroll of blinking {unknown}
 q - 2 scrolls of silence
 t - a scroll of fear {unknown}
 u - a scroll of summoning {unknown}
 v - 2 scrolls of butterflies
 x - a scroll of poison {unknown}
 y - a scroll of magic mapping {unknown}
 C - a scroll of vulnerability {unknown}
 H - a scroll of amnesia {unknown}
Potions
 d - 2 potions of magic
 f - 2 potions of curing
 h - 2 potions of lignification
 k - 2 potions of haste
 o - a potion of brilliance
 r - a potion of attraction
 z - a potion of mutation
 B - a potion of invisibility


   Skills:
 + Level 3.9 Short Blades
 - Level 1.7 Dodging
 - Level 1.7 Stealth
 - Level 7.0 Spellcasting
 - Level 4.0 Conjurations
 - Level 1.0 Summonings
 - Level 0.8 Translocations


You had 12 spell levels left.
You knew the following spells:

 Your Spells              Type           Power      Damage    Failure   Level
a - Magic Dart            Conj           76%        1d6       2%          1
b - Blink                 Tloc           16%        N/A       12%         2
c - Call Imp              Summ           9%         N/A       12%         2
d - Mephitic Cloud        Conj/Pois/Air  10%        N/A       21%         3

Your spell library contained the following spells:

 Spells                   Type           Power      Damage    Failure   Level
 Slow                     Hex            20%        N/A       12%         1
 Conjure Flame            Conj/Fire      12%        6-21      16%         3


Dungeon Overview and Level Annotations

Branches:
Dungeon (6/15)             Temple (1/1) D:5

Altars:
Dithmenos
Fedhas
Gozag
Hepliaklqana
Kikubaaqudgha
Nemelex Xobeh
Qazlal
Ru
Sif Muna
Trog
Uskayaw
Vehumet
Wu Jian
Yredelemnul

Annotations:
D:4 exclusion: oklob plant


Innate Abilities, Weirdness & Mutations

You have a pair of small horns on your head.
You have a somewhat thin skeletal structure. (Dex +2, Stealth+)
Spells you cast may paralyse adjacent enemies.


Message History

a +0 dagger; a potion of degeneration; a scroll of noise
Casting: Magic Dart (safe; 2% risk of failure)
Confirm with . or Enter, or press ? or * to list all spells.
Aiming: Magic Dart (safe; 2% risk of failure)
Press: ? - help, Shift-Dir - straight line, f - wight
Aim: a wight, wielding a +0 falchion and wearing a +0 robe (100% to hit)
The magic dart hits the wight.
The wight is lightly damaged.
Malevolent energies surge around you.
The wight suddenly stops moving!
The helpless wight fails to defend itself.
You puncture the wight! You burn the wight.
The wight is almost destroyed.
The helpless wight fails to defend itself.
You puncture the wight! You burn the wight.
You destroy the wight!
You start resting.
Magic restored.
You start resting.
HP restored.
You climb downwards.
The wight hits you with a +1 flail.
You feel drained. The wight hits you with a +1 flail!
You feel drained.
There is a stone staircase leading up here.
Casting: Magic Dart (safe; 2% risk of failure)
Confirm with . or Enter, or press ? or * to list all spells.
Aiming: Magic Dart (safe; 2% risk of failure)
Press: ? - help, Shift-Dir - straight line, f - wight
Aim: a wight, wielding a +1 flail and wearing a +0 robe (100% to hit)
The magic dart hits the wight but does no damage.
Malevolent energies surge around you.
The wight suddenly stops moving!
The helpless wight fails to defend itself.
You impale the wight!! You burn the wight.
You destroy the wight!
Your life force feels restored.
The wight hits you with a +3 halberd of freezing!
* * * LOW HITPOINT WARNING * * *
You feel drained.
* * * LOW HITPOINT WARNING * * *
The wight freezes you.
You die...
Your body crumbles into a pile of gold.

# #.###
###>...####
#.......z$#
.#.##..#@#
#$.#.#
.z..#.#
#.z##.#.#
.... #.#.#
#... .....
..# #..##
#. ..#$


You could see a wight.

Vanquished Creatures
  Prince Ribbit (D:5)
  A black bear (D:5)
  An ogre (D:4)
  A centaur (D:6)
  A scorpion (D:5)
  2 wights
  3 hounds
  Jessica (D:2)
  2 iguanas
  Robin (D:2)
  3 gnolls (D:4)
  5 adders
  A shadow imp (D:5)
  A worm (D:2)
  3 dart slugs
  9 orcs
  9 ball pythons
  4 endoplasms
  3 giant cockroaches
  18 goblins
  8 hobgoblins
  15 jackals
  5 quokkas
  4 bats
  4 frilled lizards
  7 kobolds
  3 rats
116 creatures vanquished.

Vanquished Creatures (others)
  19 fungi
  17 plants (D:4)
  4 toadstools (D:3)
40 creatures vanquished.

Grand Total: 156 creatures vanquished

Notes
Turn   | Place    | Note
-------+----------+-------------------------------------------
     0 | D:1      | growler the Demonspawn Hedge Wizard began the quest for the
                  | Orb.
     0 | D:1      | Reached XP level 1. HP: 13/13 MP: 4/4
   367 | D:1      | Gained mutation: Spells you cast may paralyse adjacent
                  | enemies. [demonic ancestry]
   367 | D:1      | Reached XP level 2. HP: 14/19 MP: 0/6
  1759 | D:2      | Noticed Jessica
  1768 | D:2      | Killed Jessica
  1769 | D:2      | Gained mutation: You have a pair of small horns on your
                  | head. [demonic ancestry]
  1769 | D:2      | Reached XP level 3. HP: 9/24 MP: 0/8
  1952 | D:1      | Learned a level 2 spell: Blink
  1955 | D:1      | Learned a level 2 spell: Call Imp
  2069 | D:2      | Reached XP level 4. HP: 30/30 MP: 1/9
  2471 | D:2      | Reached skill level 4 in Spellcasting
  2540 | D:2      | Noticed Robin
  2556 | D:2      | Killed Robin
  2984 | D:3      | Learned a level 3 spell: Mephitic Cloud
  3690 | D:3      | Found a faded altar of an unknown god.
  4011 | D:4      | Reached XP level 5. HP: 32/35 MP: 8/11
  4202 | D:4      | Found a radiant altar of Vehumet.
  4323 | D:4      | Found a blossoming altar of Fedhas.
  4366 | D:4      | Noticed an oklob plant
  4441 | D:4      | Found a sacrificial altar of Ru.
  4442 | D:4      | Noticed an ogre
  4446 | D:4      | Killed an ogre
  4447 | D:4      | Reached skill level 5 in Spellcasting
  4447 | D:4      | Reached XP level 6. HP: 41/41 MP: 10/13
  5088 | D:4      | Found a bloodstained altar of Trog.
  5364 | D:5      | Entered Level 5 of the Dungeon
  5469 | D:5      | Found a staircase to the Ecumenical Temple.
  5480 | Temple   | Entered the Ecumenical Temple
  5539 | Temple   | Became a worshipper of Gozag Ym Sagoz the Greedy
  5708 | D:5      | Reached skill level 6 in Spellcasting
  5914 | D:5      | Gained mutation: You have a somewhat thin skeletal
                  | structure. (Dex +2, Stealth+) [demonic ancestry]
  5914 | D:5      | Reached XP level 7. HP: 43/46 MP: 11/16
  6086 | D:5      | Noticed Prince Ribbit
  6093 | D:5      | Killed Prince Ribbit
  6094 | D:5      | Reached skill level 1 in Short Blades
  6222 | D:5      | Reached skill level 7 in Spellcasting
  6465 | D:5      | Found a shadowy altar of Dithmenos.
  6555 | D:5      | Found a basalt altar of Yredelemnul.
  7184 | D:6      | Slain by a wight

Illustrated notes

Levels and vault maps discovered:
D:1:      dpeg_arrival_pond, layout_basic, chequers_serial_rivers_marsh
D:2:      layout_loops_ring, uniq_jessica, uniq_robin
D:3:      layout_loops_ring, shapermc_ecumenical_altar_notcrosses,
          minmay_gold_behind_fungi
D:4:      layout_loops_ring, nicolae_ru_sacrificial_ziggurat, tgw_fedhas,
          mainiacjoe_overflow_big_doors, grunt_decor_junction
D:5:      layout_layer_cave, mainiacjoe_overflow_alcove_2,
          grunt_dithmenos_shadows, minmay_temple_entry_overgrown,
          uniq_prince_ribbit1
D:6:      layout_loops_cross, hex_medium, minivault_19
Temple:   hellmonk_temple_forest_ring

Skill      XL: |  1  2  3  4  5  6  7 |
---------------+----------------------+-----
Conjurations   | 2 3 4 |  4.0
Spellcasting   | 4 5 6 7 |  7.0
Short Blades   | 3 |  3.9
Dodging        | |  1.7
Stealth        | |  1.7
Summonings     | |  1.0
Translocations | |  0.8

Action                   |  1- 3 |  4- 6 |  7- 9 || total
-------------------------+-------+-------+-------++-------
Melee: Dagger            |    15 |    61 |     9 ||    85
       Headbutt          |       |     9 |     2 ||    11
 Cast: Magic Dart        |    72 |   153 |    17 ||   242
  Use: Scroll            |       |     6 |     6 ||    12
 Stab: Paralysed         |     6 |    30 |     8 ||    44
       Sleeping          |       |       |     1 ||     1
Armor: Robe              |     2 |    10 |       ||    12
Dodge: Dodged            |     4 |    30 |     6 ||    40
